 Dungeon Crawl Stone Soup version 0.30.1-11-g7821555f0a (webtiles) character file.

Game seed: 14300578625879526868

135 Narclithid the Grave Robber (level 4, 0/24 HPs)
             Began as a Deep Elf Necromancer on Nov 28, 2023.
             Slain by an ufetubus (2 damage)
             ... on level 4 of the Dungeon.
             The game lasted 00:19:45 (2088 turns).

Narclithid the Grave Robber (Deep Elf Necromancer)  Turns: 2088, Time: 00:19:46

Health: 0/24       AC:  2    Str:  5    XL:     4   Next: 97%
Magic:  11/12      EV: 13    Int: 28    God:
Gold:   144        SH:  0    Dex: 15    Spells: 10/11 levels left

rFire   . . .        (no weapon)
rCold   . . .        (no shield)
rNeg    . . .        a - +0 robe
rPois   .            (no helmet)
rElec   .            (no cloak)
rCorr   .            (no gloves)
SInv    .            (no boots)
Will    .....        (no amulet)
Stlth   ++           c - +6 ring of intelligence
HPRegen 0.24/turn    (no ring)
MPRegen 0.13/turn

%: no passive effects
@: no status effects
A: no striking features
a: no special abilities


You were on level 4 of the Dungeon.
You visited 1 branch of the dungeon, and saw 4 of its levels.

You collected 144 gold pieces.

Inventory:

Armour
 a - a +0 robe (worn)
 h - a +0 cloak
Jewellery
 c - a +6 ring of intelligence (left hand)
 p - a ring of ice
 r - a ring of see invisible
Wands
 k - a wand of polymorph (10)
 o - a wand of flame (14)
Scrolls
 e - 2 scrolls of identify {unknown}
 f - 3 scrolls of fear {unknown}
 i - 2 scrolls of poison {unknown}
 l - a scroll of teleportation {unknown}
 n - 3 scrolls of magic mapping {unknown}
 q - 2 scrolls of enchant weapon {unknown}
 s - 2 scrolls of noise {unknown}
Potions
 b - a potion of magic
 d - 2 potions of lignification {unknown}
 g - 2 potions of attraction {unknown}
 j - a potion of cancellation {unknown}
 m - a potion of haste {unknown}


   Skills:
 + Level 3.0 Dodging
 + Level 2.7 Stealth
 + Level 0.5 Unarmed Combat
 + Level 4.3 Spellcasting
 + Level 6.5 Necromancy


You had 10 spell levels left.
You knew the following spells:

 Your Spells              Type           Power      Damage    Failure   Level
a - Necrotise             Necr           100%       1d9       1%          1

Your spell library contained the following spells:

 Spells                   Type           Power      Damage    Failure   Level
 Vampiric Draining        Necr           42%        2d9       1%          3
 Animate Dead             Necr           42%        N/A       4%          4
 Agony                    Necr           42%        N/A       14%         5


Dungeon Overview and Level Annotations

Branches:
Dungeon (4/15)
 Temple: D:4-7

Altars:


Message History

The dead are walking!
You feel sick.
You are no longer poisoned.
You swap places.
You now have 123 gold pieces (gained 18).
You now have 144 gold pieces (gained 21).
An ufetubus comes into view.
The ufetubus shouts!
Casting: Necrotise (safe; 1% risk of failure)
Confirm with . or Enter, or press ? or * to list all spells.
You can't see any susceptible monsters within range! (Use Z to cast anyway.)
Casting: Necrotise (safe; 1% risk of failure)
Confirm with . or Enter, or press ? or * to list all spells.
You can't see any susceptible monsters within range! (Use Z to cast anyway.)
The ufetubus attacks as you move away! The ufetubus misses you.
The ufetubus hits you.
Your adder skeleton closely misses the ufetubus.
The ufetubus hits you. x2
The ufetubus attacks as you move away! The ufetubus closely misses you.
The ufetubus barely misses you.
Your adder skeleton misses the ufetubus.
The ufetubus attacks as you move away! The ufetubus barely misses you. x2
Your adder skeleton closely misses the ufetubus.
The ufetubus barely misses you. The ufetubus closely misses you.
The ufetubus hits you. The ufetubus misses you.
Your adder skeleton crumbles into dust!
The ufetubus misses you. The ufetubus hits you.
* * * LOW HITPOINT WARNING * * *
Found a scroll labelled UCKUWI BAUTS.
The ufetubus closely misses you. The ufetubus barely misses you.
The ufetubus barely misses you.
The ufetubus hits you but does no damage.
The ufetubus attacks as you move away! The ufetubus barely misses you.
The ufetubus hits you.
* * * LOW HITPOINT WARNING * * *
The ufetubus hits you.
* * * LOW HITPOINT WARNING * * *
The ufetubus closely misses you.
There is a stone staircase leading up here.
The ufetubus hits you.
You die...

. .#.
...##########
...(......@.#
##.#.......5.#
...#.........# .#
..........Z.##.#..
###......).......#
##..............
#.............?
#..............
##..............


You could see an ufetubus (ally target) and a friendly kobold skeleton.

Vanquished Creatures
  Ijyb (D:3)
  Robin (D:3)
  3 adders
  A worm (D:3)
  2 dart slugs (D:3)
  3 orcs
  5 ball pythons
  3 endoplasms
  3 giant cockroaches
  7 hobgoblins
  4 kobolds
  3 quokkas
  2 bats
  A frilled lizard (D:1)
  7 goblins
  2 rats
48 creatures vanquished.

Vanquished Creatures (collateral kills)
  An endoplasm (D:2)
  A giant cockroach (D:1)
  2 goblins (D:3)
  2 quokkas
  A kobold (D:1)
7 creatures vanquished.

Grand Total: 55 creatures vanquished

Notes
Turn   | Place    | Note
-------+----------+-------------------------------------------
     0 | D:1      | Narclithid the Deep Elf Necromancer began the quest for the
                  | Orb.
     0 | D:1      | Reached XP level 1. HP: 10/10 MP: 6/6
    75 | D:1      | Reached skill level 5 in Necromancy
   241 | D:1      | Reached XP level 2. HP: 14/15 MP: 6/8
   688 | D:2      | Reached XP level 3. HP: 19/19 MP: 5/10
  1447 | D:3      | Found a faded altar of an unknown god.
  1567 | D:3      | Reached XP level 4. HP: 24/24 MP: 9/12
  1594 | D:3      | Noticed Ijyb
  1649 | D:3      | Killed Ijyb
  1650 | D:3      | Reached skill level 6 in Necromancy
  1714 | D:3      | Noticed Robin
  1747 | D:3      | Killed Robin
  2088 | D:4      | Slain by an ufetubus

Illustrated notes

Levels and vault maps discovered:
D:1:      lightli_arrival_chessboard, layout_loops_cross
D:2:      layout_rooms
D:3:      layout_basic, basic_ecumenical_altar, serial_co_window_serial,
          co_window_paths_a, co_window_paths_a, co_window_of_opportunity_a,
          co_window_paths_b, co_window_paths_b, co_window_broadway_b,
          co_window_2corner, co_window_corner_cb, co_window_of_opportunity_b,
          co_window_broadway_b, co_window_4corner_a, uniq_ijyb, uniq_robin
D:4:      layout_rooms, uniq_sigmund

Skill      XL: |  1  2  3  4 |
---------------+-------------+-----
Necromancy     | 5 6 |  6.5
Spellcasting   | 4 |  4.3
Dodging        | 3 |  3.0
Stealth        | |  2.7
Unarmed Combat | |  0.5

Action                     |  1- 3 |  4- 6 || total
---------------------------+-------+-------++-------
  Melee: Unarmed           |    34 |    20 ||    54
         Punch             |     1 |       ||     1
   Cast: Necrotise         |    54 |    32 ||    86
   Stab: Distracted        |     1 |       ||     1
         Sleeping          |     1 |       ||     1
 Armour: Robe              |     7 |     2 ||     9
  Dodge: Dodged            |    36 |    36 ||    72
